Map: Daybreak LE (Void)

Players

llllllllllll (Zest)

  • Race: Protoss Protoss
  • League: Master
  • Spawn Location: 7:00

Nerchio - Winner!

  • Race: Zerg Zerg
  • League: Grandmaster
  • Spawn Location: 1:00

Event: NationWars IV

VOD

Have the link to the VOD?

Description

Time

  • Played on: Jan. 21, 2017, 5:32 p.m.
  • Length: 12:20

All games in this series

Show
View Real Time Build Order
Export as new Build Order

llllllllllll Protoss 

Build Orders: 1 Gate Expand, Zealot Archon, Dark Templar Rush 

Get SALT Encoding   

  12  0:01  Probe (Chrono Boost)  
  13  0:11  Probe (Chrono Boost)  
  14  0:17  Pylon  
  14  0:22  Probe (Chrono Boost)  
  16  0:36  Probe (Chrono Boost)  
  16  0:39  Gateway  
  16  0:46  Probe (Chrono Boost)  
  17  0:50  Assimilator  
  17  0:57  Probe (Chrono Boost)  
  18  1:07  Probe (Chrono Boost)  
  19  1:23  Nexus  
  20  1:25  Probe (Chrono Boost)  
  20  1:36  Cybernetics Core  
  20  1:39  Probe (Chrono Boost)  
  21  1:44  Assimilator  
  21  1:49  Probe (Chrono Boost)  
  22  1:54  Pylon  
  22  2:00  Probe (Chrono Boost)  
  23  2:09  Adept  
  23  2:12  Warp Gate  
  23  2:14  Probe (Chrono Boost)  
  26  2:26  Mothership Core (Chrono Boost)  
  28  2:35  Probe (Chrono Boost)  
  29  2:45  Probe x2 (Chrono Boost), Twilight Council  
  31  2:55  Probe (Chrono Boost)  
  31  2:56  Probe (Chrono Boost)  
  33  3:00  Robotics Facility  
  33  3:06  Probe x2 (Chrono Boost)  
  35  3:16  Probe (Chrono Boost)  
  35  3:17  Probe (Chrono Boost)  
  38  3:27  Probe x2 (Chrono Boost)  
  38  3:31  Dark Shrine  
  39  3:34  Gateway  
  39  3:37  Probe (Chrono Boost)  
  39  3:38  Probe (Chrono Boost), Gateway  
  41  3:43  Gateway  
  41  3:45  Warp Prism  
  41  3:54  Probe (Chrono Boost)  
  41  3:55  Probe (Chrono Boost)  
  45  4:00  Pylon  
  45  4:05  Probe (Chrono Boost), Assimilator  
  45  4:07  Assimilator  
  45  4:09  Pylon  
  46  4:18  Probe (Chrono Boost)  
  46  4:19  Probe (Chrono Boost)  
  48  4:28  Probe (Chrono Boost)  
  50  4:31  Probe (Chrono Boost)  
  50  4:39  Probe (Chrono Boost)  
  50  4:42  Probe (Chrono Boost)  
  50  4:43  Dark Templar x2  
  50  4:44  Dark Templar  
  50  4:45  Dark Templar  
  60  4:48  Pylon  
  60  4:51  Pylon  
  60  4:57  Probe x2 (Chrono Boost)  
  62  5:03  Nexus  
  62  5:07  Observer  
  62  5:08  Archon  
  62  5:09  Archon  
  62  5:10  Probe x2 (Chrono Boost)  
  65  5:17  Gateway  
  65  5:18  Gateway  
  65  5:25  Blink  
  65  5:26  Probe (Chrono Boost)  
  65  5:27  Probe (Chrono Boost)  
  67  5:32  Immortal  
  71  5:37  Probe x2 (Chrono Boost), Pylon  
  73  5:45  Sentry x2  
  73  5:47  Pylon  
  73  5:49  Probe (Chrono Boost)  
  78  5:55  Probe (Chrono Boost)  
  79  5:59  Probe (Chrono Boost), Sentry  
  79  6:03  Forge  
  82  6:04  Pylon  
  82  6:08  Probe (Chrono Boost)  
  82  6:09  Immortal  
  82  6:10  Probe (Chrono Boost)  
  88  6:19  Probe x2 (Chrono Boost)  
  88  6:23  Protoss Ground Weapons Level 1  
  90  6:30  Probe (Chrono Boost)  
  90  6:31  Probe (Chrono Boost)  
  90  6:32  Pylon  
  92  6:34  Assimilator  
  92  6:37  Assimilator  
  92  6:38  Probe (Chrono Boost)  
  93  6:42  Probe (Chrono Boost)  
  93  6:47  Immortal  
  94  6:52  Probe x2 (Chrono Boost)  
  94  6:54  Photon Cannon  
  100  6:59  Dark Templar x4  
  108  7:13  Charge  
  108  7:16  Archon x2  
  108  7:18  Nexus  
  108  7:21  Immortal, Pylon  
  108  7:22  Pylon  
  108  7:27  Probe (Chrono Boost)  
  113  7:36  Stalker  
  115  7:42  Photon Cannon  
  115  7:44  Gateway x2  
  115  7:51  Photon Cannon  
  115  7:58  Immortal  
  115  7:59  Protoss Ground Weapons Level 2  
  119  8:06  Stalker x6  
  131  8:25  Photon Cannon  
  131  8:28  Photon Cannon  
  131  8:34  Stalker x2  
  131  8:35  Stalker x2  
  131  8:37  Immortal  
  131  8:39  Stalker x2  
  131  8:56  Zealot  
  131  8:57  Zealot x3  
  131  8:58  Zealot  
  131  9:02  Zealot  
  129  9:07  Probe (Chrono Boost)  
  129  9:08  Probe x3 (Chrono Boost)  
  133  9:12  Immortal  
  133  9:19  Zealot  
  133  9:20  Zealot x3  
  148  9:25  Probe x3 (Chrono Boost), Assimilator  
  148  9:28  Pylon  
  148  9:29  Pylon  
  148  9:30  Assimilator  
  148  9:31  Pylon  
  148  9:32  Pylon  
  148  9:46  Mothership Core (Chrono Boost)  
  148  9:47  Probe x3 (Chrono Boost)  
  148  9:48  Immortal  
  153  9:59  Stargate, Dark Templar x7  
  171  10:04  Dark Templar  
  173  10:13  Archon  
  173  10:14  Archon x2  
  171  10:15  Archon  
  171  10:16  Probe (Chrono Boost)  
  171  10:24  Observer  
  170  10:33  Zealot x2  
  170  10:34  Zealot x2  
  178  10:37  Pylon  
  178  10:39  Pylon  
  178  10:40  Pylon  
  174  10:57  Pylon  
  174  10:59  Pylon  
  174  11:00  Pylon  
  174  11:02  Pylon  
  155  11:10  Pylon  
  154  11:17  Zealot x7  
  84  11:42  Zealot x3  
  68  11:52  Forge  
  56  11:54  Gateway  
  56  11:55  Gateway  
  56  11:57  Gateway  
  56  11:59  Gateway  
  48  12:04  Zealot x3  
Show
View Real Time Build Order
Export as new Build Order

Nerchio Zerg - Winner!

Build Orders: Hatch First 

Get SALT Encoding   

  12  0:00  Drone  
  13  0:12  Overlord  
  13  0:17  Drone  
  14  0:30  Drone  
  14  0:31  Drone  
  14  0:34  Drone  
  17  0:53  Hatchery  
  17  0:56  Drone  
  17  1:00  Drone  
  18  1:06  Extractor  
  17  1:16  Spawning Pool  
  16  1:20  Drone  
  16  1:23  Drone  
  18  1:28  Drone  
  19  1:39  Overlord  
  19  1:50  Drone  
  20  2:02  Queen  
  20  2:03  Zergling x2  
  20  2:07  Metabolic Boost  
  23  2:13  Queen  
  25  2:17  Drone  
  25  2:20  Drone  
  27  2:23  Drone  
  27  2:27  Drone  
  30  2:30  Drone  
  30  2:45  Zergling x2  
  30  2:48  Hatchery  
  30  2:51  Drone  
  31  2:53  Drone  
  31  2:58  Overlord  
  32  3:03  Drone x2  
  34  3:07  Overlord  
  34  3:15  Drone x2  
  34  3:19  Drone x2  
  38  3:22  Drone  
  38  3:23  Drone x2  
  38  3:27  Drone  
  41  3:28  Drone  
  41  3:34  Queen  
  42  3:36  Drone  
  45  3:44  Lair  
  45  3:48  Drone x3  
  48  3:49  Drone  
  49  3:56  Roach Warren  
  49  3:58  Overlord  
  49  4:00  Drone  
  49  4:03  Extractor x2, Drone  
  49  4:05  Drone  
  49  4:06  Drone  
  49  4:08  Drone  
  51  4:12  Drone x2  
  51  4:13  Drone  
  51  4:15  Drone  
  55  4:20  Overlord  
  55  4:31  Spore Crawler, Overlord  
  55  4:36  Roach x4  
  55  4:37  Roach  
  64  4:40  Overlord  
  64  4:42  Overseer  
  64  4:44  Overseer  
  65  4:45  Roach  
  65  4:47  Roach  
  65  4:54  Drone x4  
  69  5:00  Extractor  
  69  5:02  Drone x3  
  69  5:03  Drone  
  69  5:06  Drone  
  74  5:07  Drone  
  74  5:09  Drone  
  74  5:10  Drone  
  74  5:11  Drone  
  77  5:15  Glial Reconstitution  
  77  5:21  Roach  
  77  5:27  Drone x3  
  77  5:28  Drone x4  
  81  5:31  Overlord x2  
  81  5:34  Overlord  
  82  5:38  Extractor, Evolution Chamber  
  82  5:40  Hydralisk Den  
  82  5:41  Roach  
  81  5:43  Roach  
  81  5:49  Roach x2  
  88  5:50  Roach  
  86  5:58  Drone x5  
  91  6:04  Drone x2  
  91  6:05  Drone x3  
  91  6:06  Drone  
  91  6:09  Zerg Missile Weapons Level 1  
  91  6:10  Drone  
  98  6:12  Drone x2  
  98  6:17  Hatchery  
  99  6:24  Overlord  
  99  6:25  Drone x3  
  102  6:26  Drone  
  102  6:27  Extractor x2, Overlord  
  102  6:30  Overlord  
  102  6:31  Overlord  
  101  6:34  Overlord  
  101  6:39  Queen  
  102  6:49  Drone x7  
  102  6:50  Spore Crawler  
  102  6:54  Extractor, Hydralisk, Queen  
  107  6:56  Hydralisk x2  
  107  6:57  Hydralisk  
  107  6:58  Hydralisk  
  107  7:00  Hydralisk x3  
  125  7:02  Hydralisk  
  125  7:05  Hydralisk  
  127  7:09  Hydralisk  
  127  7:11  Hydralisk  
  127  7:13  Hydralisk  
  127  7:14  Overseer  
  133  7:22  Overlord x2  
  133  7:24  Muscular Augments  
  133  7:27  Overlord  
  133  7:29  Hydralisk  
  133  7:30  Hydralisk x3  
  133  7:31  Hydralisk  
  133  7:34  Hydralisk  
  133  7:36  Overlord  
  145  7:37  Overlord  
  145  7:39  Overlord  
  145  7:50  Hydralisk x6  
  145  7:51  Hydralisk  
  157  7:57  Hydralisk x2  
  157  7:58  Hydralisk  
  165  8:00  Zergling x2  
  165  8:01  Zergling x2  
  165  8:02  Zergling x4  
  165  8:03  Zergling x2  
  171  8:05  Zergling x2  
  171  8:09  Ravager x2  
  171  8:10  Zergling x2, Ravager  
  171  8:11  Zergling x4  
  171  8:12  Zergling x4  
  179  8:13  Zergling x2  
  179  8:14  Zergling x4  
  179  8:15  Zergling x2  
  179  8:17  Zergling x2  
  184  8:21  Zergling x2  
  184  8:22  Zergling x2  
  184  8:23  Zergling x2  
  187  8:28  Zergling x2  
  187  8:31  Zergling x6  
  187  8:33  Zergling x2  
  185  8:35  Zergling x2  
  185  8:39  Zergling x2, Overlord  
  185  8:40  Overlord  
  178  8:41  Overlord  
  178  8:44  Overlord  
  178  8:47  Hydralisk x2  
  178  8:48  Hydralisk x2  
  170  8:50  Zergling x2  
  170  8:51  Zergling x2  
  170  8:52  Zergling x2  
  170  8:53  Zergling x4  
  170  8:55  Hydralisk  
  151  8:58  Hydralisk  
  151  9:01  Hydralisk x2  
  142  9:02  Queen  
  142  9:05  Zerg Missile Weapons Level 2, Hydralisk  
  142  9:09  Hydralisk  
  146  9:12  Hydralisk x2  
  146  9:15  Baneling Nest, Lurker Den  
  151  9:21  Hydralisk x2  
  151  9:22  Hydralisk  
  151  9:23  Pneumatized Carapace  
  157  9:24  Hydralisk  
  157  9:27  Hydralisk  
  157  9:31  Hydralisk x2  
  160  9:36  Hydralisk  
  160  9:37  Hydralisk x5  
  176  9:46  Hydralisk  
  176  9:47  Hydralisk  
  180  9:54  Hatchery  
  180  9:55  Zergling x16  
  187  10:02  Overseer  
  186  10:25  Hydralisk x4  
  186  10:26  Hydralisk x2  
  198  10:31  Zergling x2  
  198  10:35  Overlord  
  199  10:41  Spore Crawler x3  
  196  10:44  Hydralisk x2  
  198  10:59  Hydralisk x4  
  198  11:00  Hydralisk  
  198  11:01  Hydralisk x2  
  198  11:03  Zergling x2  
  199  11:04  Zergling x2  
  199  11:10  Hydralisk  
  199  11:11  Hydralisk x3  
  195  11:13  Zergling x6  
  195  11:14  Zergling x8  
  195  11:17  Zergling x2  
  195  11:18  Zergling x12  
  200  11:24  Hydralisk  
  163  11:26  Hydralisk  
  163  11:28  Zergling x2  
  163  11:32  Queen  
  113  11:40  Hydralisk  
  113  11:45  Overseer  
  94  11:55  Zergling x2  
Tags
 
Add a new tag
Caveats
  • Supply blocks, unpowered buildings, or Contaminate may cause inaccurate times.
  • Supply counts are checked every 10 seconds.